 Dungeon Crawl Stone Soup version 0.20-a0-472-g5c05303 (webtiles) character file.

16527 GlassEater the Covert (level 12, -3/91 HPs)
             Began as a Merfolk Assassin on Jan 14, 2017.
             Was an Elder of Dithmenos.
             Slain by an unseen horror (7 damage)
             ... on level 13 of the Dungeon.
             The game lasted 00:37:52 (13224 turns).

GlassEater the Covert (Merfolk Assassin)           Turns: 13224, Time: 00:37:53

Health: -3/91      AC: 12    Str: 11      XL:     12   Next: 38%
Magic:  14/14      EV: 23    Int:  8 (11) God:    Dithmenos [****..]
Gold:   77         SH: 16    Dex: 25      Spells: 11/11 levels left

rFire  + . .     SeeInvis .     a - +3 dagger (elec)
rCold  . . .     Gourm    .     m - +2 robe of the Wumpus {-Cast rPois MR+ Dex+3}
rNeg   + . .     Faith    .     k - +1 shield
rPois  +         Spirit   .     (no helmet)
rElec  .         Reflect  +     o - +2 cloak
rCorr  .         Harm     .     H - +2 pair of gloves of Comadeuf {rN+}
MR     +++..     NoCast   +     U - +0 pair of boots
Stlth  ++++++++..               D - +4 amulet of reflection
                                M - ring of protection from fire
                                d - ring of protection from magic

@: wreathed by umbra
A: change form in water, swift swim, stealthy swim, icy blue scales 1, agile 1,
deformed body, magic resistance 1
a: Shadow Step, Renounce Religion


You were on level 13 of the Dungeon.
You worshipped Dithmenos.
Dithmenos was greatly pleased with you.
You were not hungry.

You visited 2 branches of the dungeon, and saw 16 of its levels.
You visited the Abyss 1 time.

You collected 990 gold pieces.
You spent 913 gold pieces at shops.

Inventory:

Hand Weapons
 a - a +3 dagger of electrocution (weapon)
 b - a +1 blowgun
 J - a +1 dagger of venom
Missiles
 e - 55 poisoned needles
 f - 2 curare-tipped needles
 i - 304 stones (quivered)
 q - 8 javelins of penetration
 r - 10 tomahawks
Armour
 k - a +1 shield (worn)
 m - the +2 robe of the Wumpus (worn) {-Cast rPois MR+ Dex+3}
   (You found it on level 5 of the Dungeon)

   It affects your dexterity (+3).
   It protects you from poison.
   It affects your resistance to hostile enchantments.
   It prevents spellcasting.
 o - a +2 cloak (worn)
 H - the +2 pair of gloves of Comadeuf (worn) {rN+}
   (You found it on level 7 of the Dungeon)

   It protects you from negative energy.
 U - a +0 pair of boots (worn)
Jewellery
 d - a ring of protection from magic (left hand)
 h - a +5 ring of dexterity {unknown}
 D - a +4 amulet of reflection (around neck)
 M - a ring of protection from fire (right hand)
Wands
 j - a wand of scattershot (6/9)
 I - a wand of enslavement (12/24)
 K - a wand of lightning (7/15)
 N - a wand of acid (4/15)
 P - a wand of polymorph (3/24)
 S - a wand of lightning (7/15)
Scrolls
 n - 7 scrolls of teleportation
 G - 5 scrolls of remove curse
 X - a scroll of fear
 Y - a scroll of torment
 Z - a scroll of enchant armour
Potions
 c - 2 potions of flight
 s - a potion of ambrosia {unknown}
 w - 2 potions of agility
 z - a potion of berserk rage
 A - 3 potions of haste
 R - a potion of brilliance {unknown}
 W - a potion of resistance
Miscellaneous
 O - a fan of gales
Comestibles
 g - 13 bread rations
 l - 5 beef jerkies
 p - 3 royal jellies
 t - 10 meat rations
 E - 5 fruits


   Skills:
 + Level 7.4 Fighting
 * Level 11.4 Short Blades
 + Level 6.6 Throwing
 * Level 11.7 Dodging
 * Level 12.0 Stealth
 + Level 6.4 Shields
 + Level 3.4 Evocations


You had 11 spell levels left.
You didn't know any spells.

Dungeon Overview and Level Annotations

Branches:
Dungeon (15/15)            Temple (1/1) D:6            Lair (0/6) D:9
    Orc (0/2) D:12
 Vaults: D:13-14     Depths: D:15

Altars:
Dithmenos
Elyvilon
Fedhas
Makhleb
Nemelex Xobeh
Okawaru
Qazlal
Ru
Sif Muna
Trog
Uskayaw
Vehumet
Xom
Yredelemnul

Shops:
D:6 !   D:8 (   D:10 ??   D:11 !


Innate Abilities, Weirdness & Mutations

You revert to your normal form in water.
You are very nimble and swift while swimming.
You are very stealthy in the water. (Stealth+)
You are partially covered in icy blue scales. (AC +2)
You are agile. (Dex +2)
Armour fits poorly on your strangely shaped body.
You are resistant to hostile enchantments. (MR+)


Message History

You block something's attack.
There is an escape hatch in the floor here.
Something completely misses you.
You slide downwards.
The hatch slams shut behind you.
A centaur comes into view.
Found 29 arrows.
You hit something.
The centaur shouts!
Something barely misses you. Something hits you but does no damage.
The centaur wields a glowing shortbow.
It is covered in frost.
The centaur shoots an arrow.
You reflect the arrow off an invisible shield around you!
Something hits you.
* * * LOW HITPOINT WARNING * * *
You block something's attack.
The centaur unwields an uncursed shortbow of freezing.
The centaur completely misses you.
Your shield prevents you from hitting the centaur.
Something hits you!
You die...

###########
#.........#
#.........#
#.........#
#..c{.....#
#..(@.....#
#(........#
######.##..#
... # ....
....# ...#
....


You could see a centaur.

Vanquished Creatures
  A centaur warrior (D:10)
  A two-headed ogre (D:8)
  An unseen horror (D:12)
  Pikel (D:4)
  A cyclops (D:13)
  A manticore (D:12)
  A smoke demon (D:10)
  2 centaur zombies (D:13)
  2 gargoyles
  A centaur skeleton (D:12)
  4 kobold demonologists (D:13)
  A troll (D:11)
  A hornet (D:12)
  Grinder (D:3)
  12 yaks
  A shadow (D:11)
  2 wyverns
  3 wraiths
  A basilisk (D:9)
  A human (D:11)
  4 wargs (D:12)
  An acid dragon (D:11)
  A sky beast (D:9)
  3 porcupines (D:9)
  2 orc warriors
  A black bear (D:12)
  A necrophage (D:12)
  An ice beast (D:11)
  3 slaves (D:4)
  4 ogres
  An eye of draining (D:8)
  A boggart (D:13)
  A phantom (D:12)
  A crocodile (D:12)
  5 centaurs
  5 big kobolds
  6 bullfrogs
  A water moccasin zombie (D:5)
  2 wyvern skeletons
  4 scorpions
  8 killer bees (D:11)
  12 wights
  2 howler monkeys
  3 bullfrog zombies
  7 crimson imps
  4 jellies
  4 hounds
  7 orc wizards
  3 orc priests
  5 iguanas
  A bullfrog skeleton (D:5)
  Jessica (D:2)
  14 worker ants
  2 howler monkey skeletons
  A worker ant zombie (D:9)
  9 adders
  2 shadow imps
  An ooze (D:3)
  3 adder skeletons
  A worm (D:3)
  4 dart slugs (D:1)
  9 leopard geckos
  28 orcs
  A ball python (D:2)
  4 bats
  6 giant cockroaches
  6 goblins
  8 hobgoblins
  18 jackals
  2 quokkas
  8 frilled lizards
  22 kobolds
  6 rats
299 creatures vanquished.

Vanquished Creatures (others)
  A two-headed ogre (D:9)
  4 yaks (D:9)
  A hungry ghost (D:10)
  A sky beast (D:7)
  An orc warrior (D:7)
  A phantom (D:9)
  A big kobold (D:13)
  2 wights
  A bullfrog zombie (D:6)
  A hound (D:4)
  An orc priest (D:4)
  A bullfrog skeleton (D:8)
  An orc wizard (D:4)
  2 adders
  An ooze (D:3)
  4 orcs
  A goblin (D:3)
  A jackal (D:8)
  6 fungi
  2 plants (D:9)
  6 starspawn tentacles (Abyss:2)
40 creatures vanquished.

Grand Total: 339 creatures vanquished

Notes
Turn   | Place    | Note
-------+----------+-------------------------------------------
     0 | D:1      | GlassEater the Merfolk Assassin began the quest for the Orb.
     0 | D:1      | Reached XP level 1. HP: 16/16 MP: 1/1
    70 | D:1      | Reached XP level 2. HP: 11/22 MP: 2/2
   635 | D:1      | Reached XP level 3. HP: 26/28 MP: 3/3
  1302 | D:2      | Reached XP level 4. HP: 14/34 MP: 4/4
  1747 | D:2      | Noticed Jessica
  1758 | D:2      | Killed Jessica
  1886 | D:2      | Reached skill level 5 in Stealth
  1886 | D:2      | Reached XP level 5. HP: 39/39 MP: 5/5
  2114 | D:3      | Gained mutation: You are partially covered in icy blue scales. (AC +2) [potion of mutation]
  2114 | D:3      | Gained mutation: Armour fits poorly on your strangely shaped body. [potion of mutation]
  2114 | D:3      | Gained mutation: You are agile. (Dex +2) [potion of mutation]
  2480 | D:4      | Noticed a slave
  2480 | D:4      | Noticed a slave
  2481 | D:4      | Noticed Pikel
  2564 | D:3      | Reached skill level 1 in Shields
  2849 | D:3      | Reached XP level 6. HP: 42/46 MP: 6/6
  2969 | D:3      | Noticed Grinder
  2996 | D:3      | Killed Grinder
  3045 | D:3      | Reached XP level 7. HP: 52/52 MP: 7/7
  3117 | D:3      | Reached skill level 5 in Short Blades
  3374 | D:4      | Reached skill level 6 in Stealth
  3508 | D:4      | Killed Pikel
  3508 | D:4      | Reached skill level 5 in Dodging
  3508 | D:4      | Reached XP level 8. HP: 25/60 MP: 8/8
  4051 | D:4      | Reached skill level 7 in Stealth
  4350 | D:5      | Entered Level 5 of the Dungeon
  4411 | D:5      | Got a dull robe
  4434 | D:5      | Identified the +2 robe of the Wumpus {-Cast rPois MR+ Dex+3} (You found it on level 5 of the Dungeon)
  5039 | D:6      | Found a staircase to the Ecumenical Temple.
  5048 | Temple   | Entered the Ecumenical Temple
  5085 | Temple   | Became a worshipper of Dithmenos the Shadowed
  5210 | D:6      | Reached XP level 9. HP: 66/66 MP: 9/9
  5482 | D:6      | Found Zoeppub's Distillery.
  5527 | D:6      | Bought a potion of berserk rage for 70 gold pieces
  5527 | D:6      | Bought a potion of haste for 140 gold pieces
  5527 | D:6      | Bought a potion of curing for 42 gold pieces
  5527 | D:6      | Bought a potion of magic for 112 gold pieces
  5682 | D:6      | Reached skill level 8 in Stealth
  6030 | D:7      | Reached skill level 5 in Fighting
  6375 | D:7      | Got a pair of warped gloves
  6381 | D:7      | Identified the +2 pair of gloves of Comadeuf {rN+} (You found it on level 7 of the Dungeon)
  6831 | D:8      | Reached * piety under Dithmenos
  6926 | D:8      | Noticed a two-headed ogre
  6929 | D:8      | Killed a two-headed ogre
  6929 | D:8      | Reached skill level 9 in Stealth
  6949 | D:8      | Found Quwir's Antique Weapon Shoppe.
  7383 | D:8      | Reached XP level 10. HP: 74/74 MP: 1/10
  7901 | D:9      | Gained mutation: You are resistant to hostile enchantments. (MR+) [mutagenic meat]
  7944 | D:9      | Found a staircase to the Lair.
  8356 | D:9      | Reached skill level 10 in Stealth
  8457 | D:9      | Reached ** piety under Dithmenos
  8463 | D:9      | Reached skill level 5 in Throwing
  8608 | D:9      | Noticed a two-headed ogre
  8873 | D:9      | Banished a two-headed ogre
  8909 | D:9      | Reached skill level 10 in Dodging
  9260 | D:10     | Entered Level 10 of the Dungeon
  9350 | D:10     | Noticed a gargoyle
  9353 | D:10     | Killed a gargoyle
  9353 | D:10     | Reached skill level 5 in Shields
  9353 | D:10     | Reached skill level 1 in Evocations
  9353 | D:10     | Reached XP level 11. HP: 83/83 MP: 11/11
  9592 | D:10     | Found Tarer's Magic Scroll Shoppe.
  9600 | D:10     | Bought a scroll of immolation for 52 gold pieces
  9995 | D:10     | Noticed a centaur warrior
 10006 | D:10     | Killed a centaur warrior
 10006 | D:10     | Reached skill level 10 in Short Blades
 10203 | D:10     | Found Azauzic's Magic Scroll Emporium.
 10206 | D:10     | Bought a scroll of identify for 28 gold pieces
 10206 | D:10     | Bought a scroll of enchant weapon for 105 gold pieces
 10206 | D:10     | Bought a scroll of identify for 28 gold pieces
 10206 | D:10     | Bought a scroll of fear for 49 gold pieces
 10206 | D:10     | Bought a scroll of torment for 105 gold pieces
 10210 | D:10     | Cast into level 2 of the Abyss (a distortion unwield)
 10244 | Abyss:2  | Noticed a large abomination
 10279 | Abyss:2  | Noticed a tentacled starspawn
 10364 | D:10     | Escaped the Abyss
 10583 | D:11     | Found Qisaopp's Distillery.
 10612 | D:11     | Reached *** piety under Dithmenos
 10633 | D:11     | Reached skill level 11 in Stealth
 10699 | D:11     | Bought a potion of resistance for 140 gold pieces
 10699 | D:11     | Bought a potion of lignification for 42 gold pieces
 11432 | D:12     | Killed an unseen horror
 11805 | D:12     | Found a staircase to the Orcish Mines.
 11839 | D:12     | Reached **** piety under Dithmenos
 11896 | D:12     | Reached XP level 12. HP: 86/91 MP: 13/13
 12236 | D:12     | You fall through a shaft for 3 floors!
 12236 | D:15     | Entered Level 15 of the Dungeon
 12740 | D:13     | Reached skill level 12 in Stealth
 12780 | D:13     | Noticed a centaur warrior
 13194 | D:12     | HP: 2/91 [something (10)]
 13216 | D:12     | HP: 3/91 [something (7)]
 13223 | D:13     | HP: 4/91 [something (1)]
 13224 | D:13     | Slain by an unseen horror

Vault maps used:
D:1:      lemuel_arrival_tunnels, minmay_hexomino_f4
D:2:      first_bread, uniq_jessica
D:3:      kennysheep_generic_room_5, uniq_grinder
D:4:      uniq_pikel
D:6:      serial_shops, shop_coins, kennysheep_big_empty_room,
          minmay_misc_feat_enclosed
D:7:      serial_corexii_hall, corexii_hall_statues_x, corexii_hall_statues_x,
          corexii_hall_statues_u, corexii_hall_statues_l,
          corexii_hall_statues_t, corexii_hall_statues_x
D:8:      serial_shops, shop
D:9:      minmay_lair_entry_grove
D:10:     serial_shops, nicolae_shop_statue_plus, kennysheep_mini_moat
D:11:     serial_shops, shop, hangedman_stone_soup, minmay_gold_behind_fungi,
          minivault_16
D:12:     minmay_orc_entry_guard_dogs
D:14:     david_vaults_1, minmay_misc_feat_plants, uniq_agnes
D:15:     gammafunk_depths_entry_grave, minivault_11
Temple:   compressed_dpeg_circular_temple

Skill      XL: |  1  2  3  4  5  6  7  8  9 10 11 12 |
---------------+-------------------------------------+-----
Short Blades   | 3 4 6 7 8 9 10 11 | 11.4
Dodging        | 2 3 4 5 7 8 10 11 | 11.7
Stealth        | 5 6 7 9 10 11 12 | 12.0
Shields        | 1 2 3 4 5 6 |  6.4
Fighting       | 3 4 5 6 7 |  7.4
Throwing       | 3 4 5 6 |  6.6
Evocations     | 1 2 3 |  3.4

Action                   |  1- 3 |  4- 6 |  7- 9 | 10-12 || total
-------------------------+-------+-------+-------+-------++-------
Melee: Dagger            |   102 |   125 |   285 |   826 ||  1338
 Fire: Blowgun           |       |     4 |       |       ||     4
Throw: Stone             |       |    10 |       |       ||    10
  Use: Potion            |       |     3 |       |     4 ||     7
       Scroll            |       |     5 |     8 |    13 ||    26
 Stab: Sleeping          |     7 |     4 |    21 |    40 ||    72
       Distracted        |       |       |     3 |       ||     3
  Eat: Chunk             |     1 |     6 |    13 |    17 ||    37
       Royal jelly       |       |       |       |     1 ||     1
       Pizza             |       |       |       |     1 ||     1
Armor: Robe              |    19 |    32 |    29 |    75 ||   155
Dodge: Dodged            |    46 |    58 |    89 |   350 ||   543
Block: Shield            |    19 |    40 |    99 |   435 ||   593
       Reflection        |       |       |       |     8 ||     8
